 Dungeon Crawl Stone Soup version 0.24-a0-769-g368c1644f8 (webtiles) character file.

Game seed: 4171342035742993681, levelgen mode: deterministic

189 MalarOregon the Conjurer (level 5, -7/42 HPs)
             Began as a Draconian Conjurer on Oct 5, 2019.
             Was an Initiate of the Shining One.
             Killed by nerve-wracking pain
             ... invoked by a shadow imp
             ... summoned by a kobold demonologist
              (9 damage)
             ... on level 3 of the Dungeon.
             The game lasted 00:05:34 (3641 turns).

MalarOregon the Conjurer (Draconian Conjurer)       Turns: 3641, Time: 00:05:34

Health: -7/42      AC:  5    Str: 11    XL:     5   Next: 40%
Magic:  4/9        EV: 12    Int: 16    God:    the Shining One [......]
Gold:   149        SH:  0    Dex: 11    Spells: 2/10 levels left

rFire    . . .     SeeInvis .   n - -1 hand axe (curse)
rCold    . . .     Gourm    .   (no shield)
rNeg     . . .     Faith    .   (armour unavailable)
rPois    .         Spirit   .   (helmet restricted)
rElec    .         Reflect  .   (no cloak)
rCorr    .         Harm     .   (no gloves)
MR       .....                  (no boots)
Stlth    +.........             (no amulet)
HPRegen  0.14/turn              (no ring)
MPRegen  0.11/turn              (no ring)

@: glowing
A: unfitting armour, cold-blooded, AC +5
a: Renounce Religion


You were on level 3 of the Dungeon.
You worshipped the Shining One.
The Shining One was noncommittal.
You were very hungry.

You visited 1 branch of the dungeon, and saw 3 of its levels.

You collected 149 gold pieces.

Inventory:

Hand Weapons
 m - a +0 mace of protection
   (You found it on level 2 of the Dungeon)
 n - a cursed -1 hand axe (weapon)
   (You found it on level 2 of the Dungeon)
Missiles
 l - 11 poisoned darts (quivered)
Wands
 t - a wand of flame (9)
   (You found it on level 3 of the Dungeon)
Scrolls
 a - a scroll of magic mapping {unknown}
 b - 3 scrolls of identify {unknown}
 c - 4 scrolls of teleportation {unknown}
 k - a scroll of remove curse {unknown}
Potions
 d - a potion of might {unknown}
 f - a potion of lignification {unknown}
 g - a potion of flight {unknown}
 h - a potion of ambrosia {unknown}
 i - a potion of cancellation {unknown}
 j - a potion of agility {unknown}
 o - a potion of degeneration {unknown}
 p - a potion of invisibility
 r - a potion of curing {unknown}
Comestibles
 e - 6 rations {!d}


   Skills:
 + Level 2.6 Fighting
 - Level 1.7 Dodging
 - Level 1.7 Stealth
 + Level 3.1 Spellcasting
 * Level 5.5 Conjurations


You had 2 spell levels left.
You knew the following spells:

 Your Spells              Type           Power        Failure   Level  Hunger
a - Magic Dart            Conj           ###.         1%          1    #......
s - Dazzling Spray        Conj/Hex       ##....       19%         3    ###....
x - Iskenderun's Mystic   Conj           ###.....     19%         4    #####..

Your spell library contained the following spells:

 Spells                   Type           Power        Failure   Level  Hunger
 Searing Ray              Conj           ###...       2%          2    ##.....
 Blink                    Tloc           N/A          28%         2    ##.....
 Call Imp                 Summ           #.......     28%         2    ##.....
 Slow                     Hex            #.......     28%         2    ##.....
 Conjure Flame            Conj/Fire      ##......     19%         3    ###....
 Mephitic Cloud           Conj/Pois/Air  #.......     26%         3    ###....
 Force Lance              Conj/Tloc      ##......     52%         4    #####..
 Fulminant Prism          Conj/Hex       ##........   52%         4    #####..


Dungeon Overview and Level Annotations

Branches:
Dungeon (3/15)

Altars:
Fedhas
The Shining One

Annotations:
D:2 1 runed translucent door, Crazy Yiuf
D:3 1 transporter


Innate Abilities, Weirdness & Mutations

Your plain brown scales are hard. (AC +5)
You cannot fit into any form of body armour.
You are cold-blooded and may be slowed by cold attacks.


Message History

Aim: a kobold demonologist, wielding a +0 dagger and wearing a +0 robe (moderately wounded)
The magic dart hits the kobold demonologist.
You are feeling very hungry.
The kobold demonologist mumbles some strange words.
Aim: a kobold demonologist, wielding a +0 dagger and wearing a +0 robe (moderately wounded)
Okay, then.
Aim: a kobold demonologist, wielding a +0 dagger and wearing a +0 robe (moderately wounded)
The puff of flame hits the kobold demonologist but does no damage.
Aim: a kobold demonologist, wielding a +0 dagger and wearing a +0 robe (moderately wounded)
The puff of flame hits the kobold demonologist.
The orc priest invokes the aid of Beogh against you.
You barely resist.
Aim: a kobold demonologist, wielding a +0 dagger and wearing a +0 robe (moderately wounded)
The puff of flame hits the white imp!
The white imp is burned terribly!
The white imp sputters.
The white imp gestures at you. The puff of frost hits you!
The kobold demonologist looks satisfied for a moment.
Aim: a kobold demonologist, wielding a +0 dagger and wearing a +0 robe (moderately wounded)
The puff of flame misses the kobold demonologist.
The white imp hits you. The white imp freezes you.
You feel yourself slow down.
The orc priest calls down the wrath of Beogh upon you.
Beogh smites you!
* * * LOW HITPOINT WARNING * * *
The kobold demonologist casts a spell.
Unknown command.
The white imp gestures at you. The puff of frost hits you!
* * * LOW HITPOINT WARNING * * *
Aim: a kobold demonologist, wielding a +0 dagger and wearing a +0 robe (moderately wounded)
The magic dart hits the white imp.
You kill the white imp!
You feel yourself speed up. The red devil closely misses you.
Unknown command.
You close the door.
A red devil opens the door.
The red devil hits you but does no damage.
You close the door.
You start resting.
The kobold demonologist looks braver for a moment.
A red devil opens the door.
It is wielding a +0 trident.
You close the door.
A red devil opens the door.
You close the door.
A red devil opens the door.
The shadow imp gestures at you.
You barely resist.
You close the door.
A red devil opens the door.
The shadow imp gestures at you. Pain shoots through your body!
You die...

P..###..# #.....#.##.## ..## ##.#
#.###.(<.#.#
...###.##########.#........#
....................#....###
....###############...#.##
....#8≈#......5#P8#.###.#
....#P.#≈≈≈≈≈≈≈#.P#.###.#
....#$.#..≈≈≈..#..#..##.# #######
#..©#©?+..≈⌠≈.4'@©#©..#.###......
#...#$.#..P≈≈..#..#.........#####
###.#P.#≈≈≈≈≈≈≈#.P#.##..##### #
#.#8≈#...5K5o#P8#.##..# #
#.###############.....#
###.................##).####
......##########.........#.##
#####.# ###.......###...## #.#
#.........##.....#


You could see a kobold demonologist, a red devil, an orc priest and 3 shadow
imps.

Vanquished Creatures
  An orc priest (D:3)
  Natasha (thrice) (D:2)
  2 adders (D:2)
  A shadow imp (D:3)
  2 worms
  A dart slug (D:1)
  2 leopard geckos
  2 bats (D:1)
  6 giant cockroaches
  7 goblins
  2 hobgoblins
  6 jackals
  5 kobolds
  2 quokkas
  4 frilled lizards
  7 rats
53 creatures vanquished.

Notes
Turn   | Place    | Note
-------+----------+-------------------------------------------
     0 | D:1      | MalarOregon the Draconian Conjurer began the quest for the
                  | Orb.
     0 | D:1      | Reached XP level 1. HP: 14/14 MP: 3/3
   336 | D:1      | Reached XP level 2. HP: 20/22 MP: 5/5
   388 | D:1      | Reached skill level 1 in Fighting
   627 | D:1      | Reached XP level 3. HP: 11/28 MP: 6/6
  1350 | D:2      | Found a runed translucent door.
  1354 | D:2      | Noticed Crazy Yiuf
  1692 | D:2      | Noticed Natasha
  1699 | D:2      | Killed Natasha
  1699 | D:2      | Reached skill level 5 in Conjurations
  1699 | D:2      | Reached XP level 4. HP: 36/36 MP: 0/8
  1778 | D:2      | Noticed Natasha
  1787 | D:2      | Killed Natasha
  1995 | D:2      | Noticed Natasha
  2001 | D:2      | Killed Natasha
  2578 | D:3      | Reached XP level 5. HP: 42/42 MP: 2/9
  2689 | D:3      | Found a transporter.
  2692 | D:3      | Found a blossoming altar of Fedhas.
  2724 | D:3      | Noticed a kobold demonologist
  2906 | D:3      | Found a transporter.
  3050 | D:3      | Found a glowing golden altar of the Shining One.
  3074 | D:3      | Became a worshipper of the Shining One
  3277 | D:3      | Learned a level 3 spell: Dazzling Spray
  3282 | D:3      | Learned a level 4 spell: Iskenderun's Mystic Blast
  3630 | D:3      | Noticed a red devil
  3634 | D:3      | HP: 1/42 [white imp/puff of frost[a kobold demonologist]
                  | (8)]
  3641 | D:3      | Killed from afar by a shadow imp

Levels and vault maps discovered:
D:1:      evilmike_arrival_run_for_it, layout_loops_cross, serial_glass,
          glass_columns_a, glass_columns_b, glass_columns_b, glass_columns_b,
          glass_columns_a, glass_columns_b
D:2:      minmay_wonky_spiral, layout_basic, uniq_natasha,
          uniq_crazy_yiuf_cottage
D:3:      gammafunk_wand_slinger, layout_loops_ring,
          nicolae_overflow_crystal_walls, fedhas_altar_1

Skill      XL: |  1  2  3  4  5 |
---------------+----------------+-----
Fighting       | 1 2 |  2.6
Conjurations   | 5 |  5.5
Spellcasting   | 3 |  3.1
Dodging        | |  1.7
Stealth        | |  1.7

Action                   |  1- 3 |  4- 6 || total
-------------------------+-------+-------++-------
Melee: Mace              |    99 |       ||    99
       Tailslap          |     6 |     1 ||     7
       Hand axe          |       |    10 ||    10
 Cast: Magic Dart        |    31 |    65 ||    96
Evoke: Wand              |       |     4 ||     4
 Stab: Sleeping          |     3 |     1 ||     4
  Eat: Chunk             |     3 |     5 ||     8
Armor: Skin              |    33 |     8 ||    41
Dodge: Dodged            |    67 |    18 ||    85

Table legend:
 A = Non-vault XP
 B = Vault XP
 C = Vault XP percentage of total XP
 D = Non-vault monster count
 E = Vault monster count
 F = Vault count percentage of total count
                 A         B        C        D         E       F
            +---------+---------+-------+---------+---------+-------
      Total |     162 |     109 |  40.2 |      45 |       8 |  15.1
            +---------+---------+-------+---------+---------+-------
        D:1 |      47 |       5 |   9.6 |      27 |       1 |   3.6
        D:2 |      90 |      52 |  36.6 |       6 |       5 |  45.5
        D:3 |      25 |      52 |  67.5 |      12 |       2 |  14.3
            +---------+---------+-------+---------+---------+-------
